 Dungeon Crawl Stone Soup version 0.21.1-1-g345015fe64 (webtiles) character file.

369 Bapho the Grave Robber (level 7, -13/50 HPs)
             Began as a Human Necromancer on June 14, 2018.
             Killed by divine providence
             ... invoked by an orc priest
              (14 damage)
             ... on level 4 of the Dungeon.
             The game lasted 00:14:49 (5171 turns).

Bapho the Grave Robber (Human Necromancer)          Turns: 5171, Time: 00:14:50

Health: -13/50     AC:  7    Str:  8    XL:     7   Next: 1%
Magic:  4/12       EV: 13    Int: 15    God:
Gold:   202        SH:  0    Dex: 16    Spells: 5/13 levels left

rFire    . . .     SeeInvis .   a - +3 quarterstaff (chaos)
rCold    . . .     Gourm    .   (shield currently unavailable)
rNeg     . . .     Faith    .   d - +0 robe
rPois    .         Spirit   .   (no helmet)
rElec    .         Reflect  .   v - +2 cloak {+Inv}
rCorr    .         Harm     .   r - +1 pair of gloves
MR       .....                  (no boots)
Stlth    ++........             (no amulet)
HPRegen  0.16/turn              (no ring)
MPRegen  0.13/turn              (no ring)

@: no status effects
A: no striking features
a: Evoke Invisibility


You were on level 4 of the Dungeon.
You were hungry.

You visited 1 branch of the dungeon, and saw 4 of its levels.

You collected 202 gold pieces.

Inventory:

Hand Weapons
 a - a +3 quarterstaff of chaos (weapon)
 b - a +0 blowgun
 e - a +0 spear
Missiles
 j - 84 stones (quivered)
 n - 21 poisoned needles
 A - 3 tomahawks
Armour
 d - a +0 robe (worn)
 r - a +1 pair of gloves (worn)
 v - a +2 cloak of invisibility (worn)
 y - a +1 ring mail of fire resistance
Jewellery
 f - an uncursed ring of stealth {unknown}
 o - an uncursed amulet of faith {unknown}
 q - a cursed ring of teleportation {unknown}
Wands
 m - a wand of digging (13)
 t - a wand of acid (11)
Scrolls
 i - 2 scrolls of blinking
 l - 3 scrolls of teleportation
 u - a scroll of random uselessness {unknown}
 z - a scroll of remove curse {unknown}
Potions
 h - 2 potions of degeneration
 k - 2 potions of mutation
 p - a potion of brilliance
 s - a potion of magic {unknown}
 x - a potion of flight {unknown}
Books
 g - a book of Necromancy

   Spells                             Type                      Level
   a - Pain                           Necromancy                   1
   b - Animate Skeleton               Necromancy                   1
   c - Vampiric Draining              Necromancy                   3
   d - Regeneration                   Charms/Necromancy            3
   e - Animate Dead                   Necromancy                   4
   f - Borgnjor's Vile Clutch         Necromancy/Earth             5
Comestibles
 c - 9 rations
 w - 16 chunks of flesh


   Skills:
 - Level 2.0 Fighting
 - Level 2.3 Dodging
 - Level 2.0 Stealth
 + Level 3.8 Spellcasting
 * Level 6.2 Necromancy


You had 5 spell levels left.
You knew the following spells:

 Your Spells              Type           Power        Failure   Level  Hunger
a - Pain                  Necr           ###.         1%          1    None
b - Animate Skeleton      Necr           N/A          1%          1    None
c - Vampiric Draining     Necr           ###.......   4%          3    ###....
d - Regeneration          Chrm/Necr      ##........   16%         3    ###....


Dungeon Overview and Level Annotations

Branches:
Dungeon (4/15)
 Temple: D:4-7

Altars:

Annotations:
D:3 Sigmund


Message History

Beogh smites you!
You bump into the rock wall.
You hear some strange, mumbled words.
A puff of flame appears from out of thin air!
The puff of flame hits you!
* * * LOW HITPOINT WARNING * * *
You see here a ring mail.
Something hits you but does no damage.
You see here a ring mail.
You're too confused to move!
You feel less confused. Something hits you.
* * * LOW HITPOINT WARNING * * *
You hear some strange, mumbled words.
A puff of flame appears from out of thin air!
The puff of flame hits you!
* * * LOW HITPOINT WARNING * * *
The orc priest invokes the aid of Beogh against you.
Beogh smites you!
You die...

######### #.......# ######
#.......# #..<.# #.......#####
#..).# #...........###....#
........###..##.@..#
...................#
##..)#########..o{.#
#...........###....#
.#..............o..###########
.#..........###.......<......#
##..........####o#...........#
#........).oo...o)...........#
))..........####.#......###.##


You could see an orc priest and 3 orcs.

Vanquished Creatures
  Crazy Yiuf (D:2)
  A hound (D:3)
  2 orc priests (D:4)
  2 orc wizards (D:4)
  Jessica (D:2)
  A worker ant (D:4)
  A hound skeleton (D:4)
  4 adders
  2 worms (D:3)
  A dart slug (D:1)
  2 leopard geckos
  11 orcs
  7 bats
  4 giant cockroaches
  7 goblins
  8 hobgoblins
  8 jackals
  6 kobolds
  2 quokkas
  3 frilled lizards
  7 rats
81 creatures vanquished.

Vanquished Creatures (collateral kills)
  A dart slug (D:2)
  A giant cockroach (D:2)
  A hobgoblin (D:2)
  A jackal (D:2)
  A kobold (D:2)
  A rat (D:1)
6 creatures vanquished.

Vanquished Creatures (others)
  An orc (D:4)
1 creature vanquished.

Grand Total: 88 creatures vanquished

Notes
Turn   | Place    | Note
-------+----------+-------------------------------------------
     0 | D:1      | Bapho the Human Necromancer began the quest for the Orb.
     0 | D:1      | Reached XP level 1. HP: 13/13 MP: 3/3
   243 | D:1      | Reached XP level 2. HP: 15/19 MP: 0/5
   384 | D:1      | Learned a level 1 spell: Animate Skeleton
   846 | D:1      | Reached XP level 3. HP: 19/25 MP: 0/6
   939 | D:1      | Reached skill level 1 in Fighting
  1878 | D:2      | Reached XP level 4. HP: 31/33 MP: 4/7
  2163 | D:2      | Learned a level 3 spell: Vampiric Draining
  2167 | D:2      | Learned a level 3 spell: Regeneration
  2395 | D:2      | Noticed Jessica
  2400 | D:2      | Killed Jessica
  2547 | D:2      | Reached XP level 5. HP: 35/38 MP: 5/9
  2738 | D:2      | Found a runed door.
  3363 | D:3      | Noticed Sigmund
  3651 | D:3      | Reached skill level 5 in Necromancy
  4335 | D:2      | Noticed Crazy Yiuf
  4342 | D:2      | Killed Crazy Yiuf
  4663 | D:4      | Reached XP level 6. HP: 44/44 MP: 10/10
  5036 | D:4      | Reached skill level 6 in Necromancy
  5141 | D:4      | Reached XP level 7. HP: 33/50 MP: 7/12
  5170 | D:4      | HP: 1/50 [something/puff of flame (9)]
  5171 | D:4      | Killed from afar by an orc priest

Skill      XL: |  1  2  3  4  5  6 |
---------------+-------------------+-----
Fighting       | 1 2 |  2.0
Spellcasting   | 3 |  3.8
Necromancy     | 5 6 |  6.2
Dodging        | |  2.3
Stealth        | |  2.0

Action                   |  1- 3 |  4- 6 |  7- 9 || total
-------------------------+-------+-------+-------++-------
Melee: Spear             |    23 |    23 |       ||    46
       Quarterstaff      |       |    26 |     3 ||    29
 Fire: Blowgun           |       |    17 |       ||    17
Throw: Stone             |       |    10 |       ||    10
 Cast: Pain              |    63 |    98 |     1 ||   162
       Animate Skeleton  |    12 |    11 |       ||    23
       Vampiric Draining |       |    10 |     2 ||    12
  Use: Scroll            |       |     7 |       ||     7
  Eat: Chunk             |     4 |     8 |       ||    12
       Ration            |       |     1 |       ||     1
Armor: Robe              |     8 |    19 |     4 ||    31
Dodge: Dodged            |    23 |    32 |     1 ||    56
